 Dungeon Crawl Stone Soup version 0.30-a0-364-gf6b3ef1049 (webtiles) character file.

Game seed: 13020860542537349345

4 Raultor the Conjurer (level 1, 11/11 HPs)
             Began as an Octopode Conjurer on Oct 25, 2022.
             Quit the game on level 1 of the Dungeon on Nov 15, 2022.
             The game lasted 00:03:50 (117 turns).

Raultor the Conjurer (Octopode Conjurer)             Turns: 117, Time: 00:03:51

Health: 11/11      AC:  1    Str:  6    XL:     1   Next: 60%
Magic:  3/3        EV: 13    Int: 20    God:
Gold:   12         SH:  0    Dex: 10    Spells: 3/4 levels left

rFire   . . .      SeeInvis .    (no weapon)
rCold   . . .      Faith    .    (no shield)
rNeg    . . .      Spirit   .    (helmet restricted)
rPois   .          Reflect  .    (no amulet)
rElec   .          Harm     .    (no ring)
rCorr   .          Rampage  .    (no ring)
Will    .....                    (no ring)
Stlth   +++.......               (no ring)
HPRegen 0.21/turn                (no ring)
MPRegen 0.08/turn                (no ring)
                                 (no ring)
                                 (no ring)

@: no status effects
A: almost no armour, amphibious, 8 rings, camouflage 1, gelatinous body 1,
(nimble swimmer 1), tentacles
a: no special abilities


You were on level 1 of the Dungeon.
You visited 1 branch of the dungeon, and saw 1 of its levels.

You collected 12 gold pieces.


Innate Abilities, Weirdness & Mutations

You cannot wear most types of armour.
You are amphibious.
You can wear up to eight rings at the same time.
Your skin changes colour to match your surroundings (Stealth+).
Your rubbery body absorbs attacks. (AC +1, EV +1)
((You are camouflaged when in or above water. (Stealth+)))
You have tentacles for arms and can constrict up to eight enemies at once.


   Skills:
 - Level 2.0 Dodging
 - Level 2.6 Stealth
 + Level 2.1 Spellcasting
 * Level 4.1 Conjurations


You had 3 spell levels left.
You knew the following spells:

 Your Spells              Type           Power      Damage    Failure   Level
m - Magic Dart            Conj           72%        1d6       2%          1

Your spell library contained the following spells:

 Spells                   Type           Power      Damage    Failure   Level
 Searing Ray              Conj           36%        2d5       4%          2
 Dazzling Flash           Conj/Hex       20%        N/A       21%         3
 Fulminant Prism          Conj/Hex       5%         3d7       54%         4
 Iskenderun's Mystic Bla  Conj/Tloc      10%        2d4       54%         4

Inventory:

Scrolls
 b - a scroll of identify {unknown}
Potions
 a - a potion of magic

Dungeon Overview and Level Annotations

Branches:
Dungeon (1/15)

Altars:

Shops:
D:1

[ .. .... #. ... ..
#..# .## ...# .. #..#
.# ######g#...# #.#
...........# #.#
####..@### #.#
#........######.#
#.##.#........#.######
...##.#####∩.......#
... .....####.......#
...####..........######
.## ...###..##.#
.##..###.##.####### ##
##........)......


You could see a goblin (asleep).


Message History

a +0 club; a kobold corpse You barely miss the bat.
Your grab misses the bat. The bat hits you. The bat barely misses you.
You closely miss the bat. Your grab misses the bat. The bat barely misses you.
You tentacle-slap the bat but do no damage.
You grab the bat.
You constrict the bat, but do no damage.
The bat hits you. The bat closely misses you.
You tentacle-slap the bat. Your squeeze misses the bat.
The bat is moderately wounded.
You constrict the bat. The bat barely misses you.
The bat escapes!
The bat hits you but does no damage. The bat hits you.
You closely miss the bat. Your grab misses the bat.
The bat is heavily wounded.
The bat hits you but does no damage.
You tentacle-slap the bat but do no damage.
Your grab misses the bat.
The bat is heavily wounded.
The bat hits you.
You closely miss the bat. Your grab misses the bat.
The bat is heavily wounded.
The bat closely misses you.
You tentacle-slap the bat.
You kill the bat!
HP restored.
There is an entrance to Tigynketri's Armour Shoppe here.
Welcome back, Raultor the Octopode Conjurer.
Press ? for a list of commands and other information.
A goblin comes into view. It is wielding a +0 club.
Are you sure you want to abandon this character and quit the game? (Confirm with "yes".)

Action                   || total
-------------------------++-------
Melee: Unarmed           ||     8
       Constrict         ||     1
 Cast: Magic Dart        ||     4
Armor: Skin              ||     2
Dodge: Dodged            ||     5

Levels and vault maps discovered:
D:1:      matt_arrival_grand_opening, layout_rooms, serial_shops, shop

Notes
Turn   | Place    | Note
-------+----------+-------------------------------------------
     0 | D:1      | Raultor the Octopode Conjurer began the quest for the Orb.
     0 | D:1      | Reached XP level 1. HP: 11/11 MP: 3/3
    77 | D:1      | Found Tigynketri's Armour Shoppe.
   110 | D:1      | Upgraded the game from 0.30-a0-311-gf115ab0292 to
                  | 0.30-a0-364-gf6b3ef1049
   117 | D:1      | Quit the game

Vanquished Creatures
  A hobgoblin (D:1)
  2 bats (D:1)
  A kobold (D:1)
4 creatures vanquished.

Table legend: (Time is in decaauts)
 A = Elapsed time spent in this place.
 B = Non-inter-level travel time spent in this place.
 C = Inter-level travel time spent in this place.
 D = Time resting spent in this place.
 E = Time spent auto-exploring this place.
 F = Levels seen in this place.
 G = Mean time per level.
                   A        B        C        D        E       F      G
               +--------+--------+--------+--------+--------+-----+--------+
         Total |    117 |    117 |      0 |      0 |     74 |   1 |  117.0 |
       Dungeon |    117 |    117 |      0 |      0 |     74 |   1 |  117.0 |
               +--------+--------+--------+--------+--------+-----+--------+

Top non-repeatable levels by time:
     D:1: 117 daAuts

Table legend:
 A = Non-vault XP
 B = Vault XP
 C = Vault XP percentage of total XP
 D = Non-vault monster count
 E = Vault monster count
 F = Vault count percentage of total count
                 A         B        C        D         E       F
            +---------+---------+-------+---------+---------+-------
      Total |       6 |       0 |   0.0 |       4 |       0 |   0.0
            +---------+---------+-------+---------+---------+-------
        D:1 |       6 |       0 |   0.0 |       4 |       0 |   0.0
            +---------+---------+-------+---------+---------+-------
